 Dungeon Crawl Stone Soup version 0.28-a0-750-g7c675f85b1 (webtiles) character file.

Game seed: 12833733228745724496

12 ytrimaz the Skirmisher (level 2, 24/24 HPs)
             Began as a Demonspawn Berserker on Oct 29, 2021.
             Was a Follower of Trog.
             Quit the game on level 1 of the Dungeon.
             The game lasted 00:01:31 (755 turns).

ytrimaz the Skirmisher (Demonspawn Berserker)        Turns: 755, Time: 00:01:32

Health: 24/24      AC:  4    Str: 17    XL:     2   Next: 20%
Magic:  2/2        EV: 12    Int:  8    God:    Trog [*.....]
Gold:   84         SH:  0    Dex: 12    Spells: 1/1 levels left

rFire   . . .      SeeInvis .   a - +0 hand axe (venom)
rCold   . . .      Faith    .   (no shield)
rNeg    . . .      Spirit   .   b - +0 animal skin
rPois   .          Reflect  .   (no helmet)
rElec   .          Harm     .   (no cloak)
rCorr   .          Rampage  .   (no gloves)
Will    .....                   (no boots)
Stlth   +.........              (no amulet)
HPRegen 0.08/turn               (no ring)
MPRegen 0.08/turn               (no ring)

@: no status effects
A: slimy green scales 1
a: Renounce Religion, Berserk


You were on level 1 of the Dungeon.
You worshipped Trog.
Trog was aware of your devotion.
You visited 1 branch of the dungeon, and saw 1 of its levels.

You collected 84 gold pieces.

Inventory:

Hand Weapons
 a - a +0 hand axe of venom (weapon)
Armour
 b - a +0 animal skin (worn)
Scrolls
 d - a scroll of fog {unknown}
Potions
 c - a potion of mutation {unknown}
 e - a potion of berserk rage {unknown}


   Skills:
 + Level 3.2 Fighting
 + Level 3.0 Axes
 - Level 1.8 Armour
 * Level 1.9 Dodging


You had one spell level left.
You didn't know any spells.
Your spell library was empty.

Dungeon Overview and Level Annotations

Branches:
Dungeon (1/15)

Altars:


Innate Abilities, Weirdness & Mutations

You are partially covered in slimy green scales. (AC +2)


Message History

A hobgoblin comes into view.
The hobgoblin shouts!
A hobgoblin is nearby!
A hobgoblin is nearby!
The hobgoblin hits you.
You hit the hobgoblin.
You kill the hobgoblin!
Trog accepts your kill.
Your Axes skill increases to level 3!
You see here a hobgoblin corpse.
A bat comes into view.
A bat is nearby!
A bat is nearby!
A bat is nearby!
The bat barely misses you. The bat completely misses you.
The bat barely misses you.
You closely miss the bat. The bat barely misses you.
The bat hits you but does no damage. The bat hits you but does no damage.
The bat misses you. The bat hits you but does no damage.
You closely miss the bat. The bat hits you but does no damage.
The bat closely misses you.
You hit the bat but do no damage.
The bat is poisoned.
The bat hits you but does no damage. The bat hits you but does no damage.
The bat hits you but does no damage.
A bat is nearby!
A bat is nearby!
A bat is nearby!
You closely miss the bat.
The bat is heavily wounded.
You kill the bat!
Trog accepts your kill.
A jackal comes into view.
A jackal is nearby!
A jackal is nearby!
The jackal barks!
A jackal comes into view. x2
The jackal barely misses you.
Are you sure you want to abandon this character and quit the game? (Confirm with "yes".)

##...#.............
#.########.#####.##
#........#.#.. ..#
########.#.#.# ..#
#.#.#.# ..#
##.#.#.# ..# #
#......# .h#.#
####.#####....#
#.....@h.#
#.######## ###


You could see 2 jackals.

Vanquished Creatures
  2 endoplasms (D:1)
  3 goblins (D:1)
  A hobgoblin (D:1)
  A quokka (D:1)
  2 bats (D:1)
  A kobold (D:1)
10 creatures vanquished.

Notes
Turn   | Place    | Note
-------+----------+-------------------------------------------
     0 | D:1      | ytrimaz the Demonspawn Berserker began the quest for the
                  | Orb.
     0 | D:1      | Reached XP level 1. HP: 18/18 MP: 1/1
   436 | D:1      | Gained mutation: You are partially covered in slimy green
                  | scales. (AC +2) [demonic ancestry]
   436 | D:1      | Reached XP level 2. HP: 24/24 MP: 2/2
   755 | D:1      | Quit the game

Illustrated notes

Levels and vault maps discovered:
D:1:      wander_arrival_abandoned_jail, layout_basic,
          kennysheep_decorative_pillar

Skill      XL: |  1  2 |
---------------+-------+-----
Axes           | 3 |  3.0
Fighting       | |  3.2
Armour         | |  1.8
Dodging        | |  1.9

Action                   || total
-------------------------++-------
Melee: Hand axe          ||    26
  Use: Scroll            ||     1
Armor: Animal skin       ||    11
Dodge: Dodged            ||    21

Table legend: (Time is in decaauts)
 A = Elapsed time spent in this place.
 B = Non-inter-level travel time spent in this place.
 C = Inter-level travel time spent in this place.
 D = Time resting spent in this place.
 E = Time spent auto-exploring this place.
 F = Levels seen in this place.
 G = Mean time per level.
                   A        B        C        D        E       F      G
               +--------+--------+--------+--------+--------+-----+--------+
         Total |    759 |    759 |      0 |      0 |    618 |   1 |  759.0 |
       Dungeon |    759 |    759 |      0 |      0 |    618 |   1 |  759.0 |
               +--------+--------+--------+--------+--------+-----+--------+

Top non-repeatable levels by time:
     D:1: 759 daAuts
